 Seeded DCSS version 0.28-a0-1143-gcf6077d (webtiles) character file.

Game seed: 4194407014631911557 (custom seed)

3698 HDogLeCool the Zephyrmancer (level 10, -1/51 HPs)
             Began as a Vine Stalker Air Elementalist on Dec 12, 2021.
             Was a High Priest of Nemelex Xobeh.
             Slain by a freezing wraith (7 damage)
             ... on level 8 of the Dungeon on Dec 13, 2021.
             The game lasted 00:30:21 (9656 turns).

HDogLeCool the Zephyrmancer (VSAE)                  Turns: 9656, Time: 00:30:22

Health: -1/51      AC:  7    Str: 13    XL:     10   Next: 13%
Magic:  0/17       EV: 14    Int: 17    God:    Nemelex Xobeh [*****.]
Gold:   416        SH:  5    Dex: 15    Spells: 9/17 levels left

rFire   . . .      SeeInvis +   l - +3 dagger (venom)
rCold   + + +      Faith    .   i - +0 buckler
rNeg    . . .      Spirit   +   x - +4 skin of Zhor {*Englaciate rC+++ SInv}
rPois   .          Reflect  .   (no helmet)
rElec   .          Harm     .   f - +0 cloak
rCorr   .          Rampage  .   (no gloves)
Will    +....                   (no boots)
Stlth   ++........              (no amulet)
HPRegen 0.97/turn               (no ring)
MPRegen 0.15/turn               (no ring)

@: no status effects
A: fangs 3, regeneration 1, magic shield, antimagic bite, no potion heal 2
a: Renounce Religion, Draw Escape, Draw Destruction, Draw Summoning, Triple
Draw, Deal Four, Stack Five


You were on level 8 of the Dungeon.
You worshipped Nemelex Xobeh.
Nemelex Xobeh was extremely pleased with you.
You visited 1 branch of the dungeon, and saw 9 of its levels.

You collected 416 gold pieces.

Inventory:

Hand Weapons
 e - a +0 whip
 l - a +3 dagger of venom (weapon)
Missiles
 b - 161 stones
 c - 2 datura-tipped darts
Armour
 a - a +0 robe
 f - a +0 cloak (worn)
 i - a +0 buckler (worn)
 p - a +2 leather armour of willpower
 x - the +4 skin of Zhor (worn) {*Englaciate rC+++ SInv}
   (You found it on level 7 of the Dungeon)

   It radiates cold, occasionally slowing all nearby creatures who are not
   resistant to cold.
   rC:        It renders you almost immune to cold.
   SInv:      It lets you see invisible.
Jewellery
 j - a ring of fire
 v - a ring of protection from cold
 C - an amulet of the acrobat
 G - a +6 ring of dexterity
Wands
 u - a wand of flame (18)
 F - a wand of iceblast (19)
Scrolls
 h - 2 scrolls of teleportation {unknown}
 n - a scroll of enchant weapon
 r - a scroll of blinking
 y - 3 scrolls of amnesia
 D - a scroll of enchant armour
Potions
 d - a potion of lignification
 g - 2 potions of cancellation
 k - a potion of resistance
 m - a potion of mutation
 o - 2 potions of magic
 q - a potion of degeneration
 s - 3 potions of might
 w - a potion of ambrosia {unknown}
 z - a potion of brilliance {unknown}


   Skills:
 + Level 5.0 Fighting
 + Level 5.0 Dodging
 - Level 2.4 Stealth
 - Level 4.0 Shields
 - Level 4.0 Spellcasting
 + Level 5.6 Conjurations
 * Level 9.1 Air Magic


You had 9 spell levels left.
You knew the following spells:

 Your Spells              Type           Power      Damage    Failure   Level
a - Shock                 Conj/Air       100%       1d9       1%          1
b - Airstrike             Air            17%        N/A       3%          4
c - Magic Dart            Conj           88%        1d7       1%          1
d - Searing Ray           Conj           44%        2d6       2%          2

Your spell library contained the following spells:

 Spells                   Type           Power      Damage    Failure   Level
 Static Discharge         Conj/Air       28%        N/A       1%          2
 Swiftness                Air            34%        N/A       1%          3
 Animate Skeleton         Necr           6%         N/A       16%         1
 Beastly Appendage        Tmut           6%         N/A       16%         1
 Pain                     Necr           12%        1d4       16%         1
 Wereblood                Tmut           3%         N/A       24%         2
 Spider Form              Tmut/Pois      3%         N/A       43%         3
 Vampiric Draining        Necr           3%         2d6       43%         3
 Fulminant Prism          Conj/Hex       6%         3d7       43%         4
 Freezing Cloud           Conj/Ice/Air   10%        6-21      50%         5
 Animate Dead             Necr           1%         N/A       83%         4
 Borgnjor's Vile Clutch   Necr/Erth      1%         N/A       99%         5
 Death Channel            Necr           1%         N/A       100%        6
 Simulacrum               Ice/Necr       1%         N/A       100%        6
 Polar Vortex             Ice            1%         N/A       100%        9


Dungeon Overview and Level Annotations

Branches:
Dungeon (9/15)             Temple (0/1) D:6             Orc (0/2) D:9
   Lair: D:8-11

Altars:
Ashenzari
Elyvilon
Nemelex Xobeh
Sif Muna
Vehumet
Zin

Shops:
D:5 ((   D:9 [:

Annotations:
D:5 exclusion: statue


Innate Abilities, Weirdness & Mutations

You have razor-sharp teeth.
Your natural rate of healing is unusually fast.
When hurt, damage is shared between your health and your magic reserves.
Your bite disrupts and absorbs the magic of your enemies.
Potions cannot restore your health.


Message History

Aim: a freezing wraith (lightly damaged, 74% to hit)
The zap hits the freezing wraith.
The freezing wraith is lightly damaged.
The freezing wraith hits you. The freezing wraith freezes you. You resist.
The freezing wraith hits you.
You radiate an aura of cold.
The freezing wraith is unaffected.
There is an escape hatch in the ceiling here.
The freezing wraith hits you but does no damage. x2
A mysterious force pulls you upwards. The hatch slams shut behind you.
The freezing wraith hits you! The freezing wraith freezes you. You resist.
You block the freezing wraith's attack.
Casting: Shock (safe; 1% risk of failure)
Confirm with . or Enter, or press ? or * to list all spells.
Aiming: Shock (safe; 1% risk of failure)
Press: ? - help, Shift-Dir - straight line The zap hits the freezing wraith!
The freezing wraith is moderately damaged.
The zap misses the freezing wraith.
The freezing wraith misses you. The freezing wraith hits you.
You draw a card...
You have drawn Vitriol.
Press: ? - help, Shift-Dir - straight line, f - freezing wraith
Aim: a freezing wraith (lightly damaged)
The bolt of acid misses the freezing wraith.
The freezing wraith hits you! The freezing wraith freezes you. You resist.
The freezing wraith hits you!
* * * LOW HITPOINT WARNING * * *
You draw a card...
You have drawn Vitriol.
Press: ? - help, Shift-Dir - straight line, f/p - freezing wraith
Aim: a freezing wraith (lightly damaged)
The glob of acid hits the freezing wraith!!!
The freezing wraith is almost destroyed.
The freezing wraith hits you.
* * * LOW HITPOINT WARNING * * *
The freezing wraith freezes you. You resist.
* * * LOW HITPOINT WARNING * * *
The freezing wraith hits you!
You die...
Your body glows with a rainbow of weird colours and disappears.

...))...............#
########.##########.#
............#.#####.#
########.##.#.......#
..######.##.#.#######
#.....)).........#
...#####.##.#.##.#
...# #.##.#.##W#
...#####.##.#.##@#
#........##.#.##.#
.#.########.#.##.#
.#.# #.#.##.# .#.#
#.#.##.# .#.#
#.#.##.# .#.#
#.#.##.#
.#.########.#.##.#
.#..........#.##.#


You could see a freezing wraith.

Vanquished Creatures
  A hydra (D:9)
  Pikel (D:4)
  Prince Ribbit (D:6)
  Sigmund (D:5)
  A wyvern (D:7)
  Edmund (D:4)
  2 water moccasins (D:8)
  An ice beast (D:9)
  An orc warrior (D:9)
  2 black bears (D:7)
  An ogre (D:5)
  A phantom (D:5)
  A centaur (D:8)
  2 lemures (D:3)
  2 bullfrogs
  A gnoll sergeant (D:7)
  A water moccasin zombie (D:4)
  2 wights (D:8)
  A centaur zombie (D:6)
  2 hounds
  3 jellies
  An orc priest (D:7)
  A bullfrog skeleton (D:7)
  A centaur skeleton (D:7)
  5 iguanas
  3 orc wizards
  A howler monkey zombie (D:6)
  3 gnolls (D:7)
  4 adders
  An ufetubus (D:5)
  4 worms
  22 orcs
  4 bats
  3 endoplasms
  4 giant cockroaches
  6 goblins
  12 hobgoblins
  7 jackals (D:1)
  4 quokkas
  7 ball pythons
  5 frilled lizards
  10 kobolds
  6 rats
  A spectral kobold (D:1)
144 creatures vanquished.

Notes
Turn   | Place    | Note
-------+----------+-------------------------------------------
     0 | D:1      | HDogLeCool the Vine Stalker Air Elementalist began the
                  | quest for the Orb.
     0 | D:1      | Reached XP level 1. HP: 9/9 MP: 4/4
   399 | D:1      | Reached XP level 2. HP: 14/14 MP: 4/6
   634 | D:1      | Found a faded altar of an unknown god.
   654 | D:1      | Prayed at the altar of an unknown god.
   654 | D:1      | Became a worshipper of Nemelex Xobeh the Trickster
   654 | D:1      | Reached * piety under Nemelex Xobeh
   875 | D:1      | Reached skill level 1 in Fighting
   882 | D:1      | Reached XP level 3. HP: 18/18 MP: 0/7
  1650 | D:2      | Received a gift from Nemelex Xobeh
  1713 | D:2      | Gained mutation: Your natural rate of healing is unusually
                  | fast. [Vine Stalker growth]
  1713 | D:2      | Reached XP level 4. HP: 11/22 MP: 0/8
  1787 | D:2      | Learned a level 4 spell: Airstrike
  2176 | D:2      | Reached ** piety under Nemelex Xobeh
  2201 | D:2      | Found a white marble altar of Elyvilon.
  3016 | D:3      | Reached skill level 1 in Shields
  3052 | D:3      | Received a gift from Nemelex Xobeh
  3231 | D:3      | Reached XP level 5. HP: 26/26 MP: 6/9
  3452 | D:3      | Reached skill level 4 in Air Magic
  3594 | D:4      | Noticed Edmund
  3636 | D:4      | Killed Edmund
  3637 | D:4      | Reached XP level 6. HP: 15/30 MP: 5/10
  3688 | D:4      | Received a gift from Nemelex Xobeh
  3870 | D:4      | Found a glowing silver altar of Zin.
  4033 | D:4      | Reached *** piety under Nemelex Xobeh
  4374 | D:4      | Noticed Pikel
  4388 | D:4      | Killed Pikel
  4389 | D:4      | Reached skill level 6 in Air Magic
  4389 | D:4      | Reached XP level 7. HP: 20/34 MP: 2/11
  4804 | D:4      | Gained mutation: You have razor-sharp teeth. [Vine Stalker
                  | growth]
  4804 | D:4      | Reached XP level 8. HP: 36/39 MP: 2/12
  4985 | D:5      | Entered Level 5 of the Dungeon
  4998 | D:5      | Found a shimmering blue altar of Sif Muna.
  5235 | D:5      | Reached skill level 7 in Air Magic
  5558 | D:5      | Found Vagu's Antique Weapon Shop.
  5558 | D:5      | Found Kitail's Weapon Emporium.
  5892 | D:5      | Received a gift from Nemelex Xobeh
  5894 | D:5      | Noticed Sigmund
  5897 | D:5      | Found a radiant altar of Vehumet.
  5967 | D:5      | Killed Sigmund
  6116 | D:6      | Noticed Prince Ribbit
  6116 | D:6      | Found a staircase to the Ecumenical Temple.
  6123 | D:6      | Killed Prince Ribbit
  6536 | D:6      | Reached **** piety under Nemelex Xobeh
  6564 | D:6      | Reached XP level 9. HP: 44/44 MP: 10/16
  6660 | D:6      | Identified the +1 plate armour of the Clam {Str+2}
  6740 | D:6      | Received a gift from Nemelex Xobeh
  6969 | D:7      | Found the +4 skin of Zhor {*Englaciate rC+++ SInv}
  7158 | D:7      | Learned a level 1 spell: Magic Dart
  7161 | D:7      | Learned a level 2 spell: Searing Ray
  7484 | D:7      | Found a broken altar of Ashenzari.
  7535 | D:7      | Received a gift from Nemelex Xobeh
  7575 | D:7      | Reached skill level 8 in Air Magic
  7653 | D:7      | Received a gift from Nemelex Xobeh
  7827 | D:7      | Upgraded the game from 0.28-a0-1142-gc856994 to
                  | 0.28-a0-1143-gcf6077d
  8008 | D:8      | Reached ***** piety under Nemelex Xobeh
  8618 | D:8      | Received a gift from Nemelex Xobeh
  8841 | D:8      | Reached skill level 5 in Conjurations
  9288 | D:9      | Noticed a five-headed hydra
  9306 | D:9      | Killed a five-headed hydra
  9307 | D:9      | Reached skill level 5 in Fighting
  9307 | D:9      | Reached skill level 9 in Air Magic
  9307 | D:9      | Reached XP level 10. HP: 29/51 MP: 7/17
  9387 | D:9      | Found a staircase to the Orcish Mines.
  9387 | D:9      | Found Leheici's Armour Boutique.
  9426 | D:9      | Found Nueffud's Book Shoppe.
  9514 | D:9      | Reached skill level 5 in Dodging
  9601 | D:9      | Identified the +3 plate armour "Lokoligo" {Int+5 Stlth+}
  9656 | D:8      | Slain by a freezing wraith

Illustrated notes

Levels and vault maps discovered:
D:1:      minmay_arrival_four_houses, layout_basic,
          dreamdust_ecumenical_altar_drowned_temple
D:2:      layout_loops_ring, basic_altar, nicolae_wormholes
D:3:      layout_loops_cross
D:4:      layout_basic, zin_treasury, uniq_edmund, uniq_pikel
D:5:      layout_cave_pods, led_sif_pool, vehumet_statue,
          nicolae_wooded_promenade, grunt_decor_clamped, uniq_sigmund
D:6:      layout_rooms, minmay_temple_entry_purple_smoke,
          hangedman_decor_growths, minmay_misc_feat_secret_circle,
          uniq_prince_ribbit1
D:7:      layout_cave_pools, kennysheep_little_box
D:8:      layout_basic
D:9:      layout_roguey, erik_lair_dragon, orc_david_3, serial_shops, shop,
          grunt_ministairs_7

Skill      XL: |  1  2  3  4  5  6  7  8  9 10 |
---------------+-------------------------------+-----
Fighting       | 1 3 5 |  5.0
Dodging        | 2 3 4 5 |  5.0
Conjurations   | 2 3 5 |  5.6
Shields        | 1 3 4 |  4.0
Air Magic      | 4 6 7 9 |  9.1
Spellcasting   | 4 |  4.0
Stealth        | |  2.4

Action                   |  1- 3 |  4- 6 |  7- 9 | 10-12 || total
-------------------------+-------+-------+-------+-------++-------
Melee: Whip              |     5 |     7 |       |       ||    12
       Bite              |     2 |    20 |    21 |     1 ||    44
       Dagger            |       |    73 |    95 |     2 ||   170
 Cast: Shock             |    67 |   139 |   187 |     9 ||   402
       Searing Ray       |       |       |     1 |     1 ||     2
Invok: Draw Destruction  |       |     2 |     5 |     5 ||    12
       Draw Escape       |       |       |    10 |       ||    10
  Use: Scroll            |       |     5 |    11 |       ||    16
       Potion            |       |       |     1 |       ||     1
 Stab: Sleeping          |       |     1 |     2 |       ||     3
Armor: Robe              |     5 |     9 |       |       ||    14
       Leather armour    |       |     6 |    19 |       ||    25
       Animal skin       |       |       |     7 |     4 ||    11
Dodge: Dodged            |     9 |    25 |    85 |     4 ||   123
Block: Buckler           |       |    15 |    26 |     2 ||    43

Table legend: (Time is in decaauts)
 A = Elapsed time spent in this place.
 B = Non-inter-level travel time spent in this place.
 C = Inter-level travel time spent in this place.
 D = Time resting spent in this place.
 E = Time spent auto-exploring this place.
 F = Levels seen in this place.
 G = Mean time per level.
                   A        B        C        D        E       F      G
               +--------+--------+--------+--------+--------+-----+--------+
         Total |   9688 |   9351 |    337 |   2240 |   5699 |   9 | 1076.4 |
       Dungeon |   9688 |   9351 |    337 |   2240 |   5699 |   9 | 1076.4 |
               +--------+--------+--------+--------+--------+-----+--------+

Top non-repeatable levels by time:
     D:1: 1621 daAuts
     D:8: 1535 daAuts
     D:4: 1410 daAuts
     D:3: 1135 daAuts
     D:5: 1131 daAuts
     D:7: 901 daAuts
     D:2: 826 daAuts
     D:6: 826 daAuts
     D:9: 299 daAuts
